 Dungeon Crawl Stone Soup version 0.24-a0-201-gf205589 (webtiles) character file.

Game seed: 262975291682392535

22598 Hasart the Carver (level 13, 0/82 HPs)
             Began as a Gargoyle Fighter on Mar 21, 2019.
             Was the Champion of Okawaru.
             Slain by a fire elemental (3 damage)
             ... summoned by a deep elf mage
             ... on level 13 of the Dungeon.
             The game lasted 00:32:52 (11888 turns).

Hasart the Carver (Gargoyle Fighter)               Turns: 11888, Time: 00:32:54

Health: 0/82       AC: 19    Str: 27    XL:     13   Next: 1%
Magic:  0/19       EV: 19    Int:  9    God:    Okawaru [******]
Gold:   868        SH: 14    Dex: 14    Spells: 12/12 levels left

rFire    . . .     SeeInvis .   v - +1 long sword (elec)
rCold    . . .     Gourm    .   c - +0 shield
rNeg     + . .     Faith    .   G - +0 troll leather armour
rPois    ∞         Spirit   +   (no helmet)
rElec    +         Reflect  .   O - scarf {Spirit}
rCorr    .         Harm     .   Q - +0 pair of gloves {Str+3}
MR       .....                  M - +0 pair of boots
Stlth    +.........             k - amulet of regeneration
HPRegen  1.03/turn              I - +4 ring of dexterity
MPRegen  0.16/turn              (no ring)

@: liquid flames, heroism, glowing
A: negative energy resistance 1, electricity resistance, unbreathing,
petrification resistance, rot immunity, AC +9
a: Heroism, Finesse, Renounce Religion


You were on level 13 of the Dungeon.
You worshipped Okawaru.
Okawaru was exalted by your worship.
You were very hungry.

You visited 1 branch of the dungeon, and saw 13 of its levels.
You also visited: Sewer.

You collected 1063 gold pieces.
You spent 195 gold pieces at shops.

Inventory:

Hand Weapons
 v - a +1 long sword of electrocution (weapon)
 K - a +3 morningstar
 R - a +6 long sword
Armour
 c - a +0 shield (worn)
 m - a scarf of cloud immunity
 G - a +0 troll leather armour (worn)
 M - a +0 pair of boots (worn)
 O - a scarf of spirit shield (worn)
 Q - a +0 pair of gloves of strength (worn)
Jewellery
 k - an amulet of regeneration (around neck)
 I - a +4 ring of dexterity (left hand)
 L - an uncursed ring of resist corrosion {unknown}
Wands
 b - a wand of paralysis (10)
 t - a wand of flame (31)
 D - a wand of disintegration (6)
 J - a wand of iceblast (8)
Scrolls
 a - 2 scrolls of enchant armour
 h - 2 scrolls of magic mapping
 j - 9 scrolls of identify
 n - a scroll of random uselessness
 o - 4 scrolls of immolation
 q - 2 scrolls of vulnerability {unknown}
 r - 3 scrolls of blinking
 u - a scroll of fear
 w - 4 scrolls of noise
 y - 7 scrolls of teleportation
 E - 3 scrolls of amnesia
 N - 4 scrolls of enchant weapon
Potions
 d - 6 potions of might
 e - 2 potions of curing
 g - 3 potions of lignification
 i - 3 potions of mutation {unknown}
 l - 6 potions of flight {unknown}
 p - 3 potions of heal wounds {unknown}
 s - a potion of brilliance {unknown}
 x - 4 potions of ambrosia {unknown}
 z - 5 potions of agility {unknown}
 A - 3 potions of magic {unknown}
 F - a potion of berserk rage {unknown}
 H - 2 potions of haste
Miscellaneous
 C - a fan of gales
Comestibles
 f - 27 rations
 B - 4 chunks of flesh


   Skills:
 + Level 9.8(14.8) Fighting
 * Level 10.4(15.4) Long Blades
 - Level 3.2(8.2) Maces & Flails
 + Level 9.6(14.6) Armour
 + Level 5.8(10.8) Dodging
 + Level 9.6(14.6) Shields
 + Level 8.7 Invocations
 + Level 2.4 Evocations


You had 12 spell levels left.
You didn't know any spells.
Your spell library contained the following spells:

 Spells                   Type           Power        Failure   Level  Hunger
 Animate Skeleton         Necr           N/A          43%         1    ##.....
 Apportation              Tloc           #.....       43%         1    ##.....
 Beastly Appendage        Tmut           #.....       43%         1    ##.....
 Confusing Touch          Hex            #.....       43%         1    ##.....
 Pain                     Necr           #...         43%         1    ##.....
 Sting                    Conj/Pois      #...         43%         1    ##.....
 Summon Small Mammal      Summ           #...         43%         1    ##.....
 Poisonous Vapours        Pois/Air       #.....       56%         2    ###....
 Sticks to Snakes         Tmut           #.......     56%         2    ###....
 Confuse                  Hex            #.......     80%         3    ####...
 Gell's Gravitas          Tloc           #.........   80%         3    ####...
 Mephitic Cloud           Conj/Pois/Air  #.......     80%         3    ####...
 Regeneration             Chrm/Necr      #.........   80%         3    ####...
 Spider Form              Tmut/Pois      #.........   80%         3    ####...
 Vampiric Draining        Necr           #.........   80%         3    ####...
 Animate Dead             Necr           N/A          99%         4    #####..
 Ice Form                 Ice/Tmut       #.......     99%         4    #####..
 Olgreb's Toxic Radiance  Pois           #.......     99%         4    #####..
 Petrify                  Tmut/Erth      #.......     99%         4    #####..
 Blade Hands              Tmut           #.........   100%        5    ######.
 Metabolic Englaciation   Hex/Ice        #.........   100%        5    ######.
 Venom Bolt               Conj/Pois      #.........   100%        5    ######.
 Yara's Violent Unravell  Hex/Tmut       #.........   100%        5    ######.


Dungeon Overview and Level Annotations

Branches:
Dungeon (13/15)            Temple (0/1) D:7            Lair (0/6) D:8
    Orc (0/2) D:9          Vaults (0/5) D:13

Altars:
Ashenzari
Elyvilon
Fedhas
Hepliaklqana
Kikubaaqudgha
Nemelex Xobeh
Okawaru
Sif Muna
Trog
Wu Jian
Xom
Zin
Beogh

Shops:
D:12 *

Annotations:
D:5 Blork the orc
D:7 Maurice


Innate Abilities, Weirdness & Mutations

You are resistant to torment.
Your stone body is resilient. (AC +9)
You are immune to poison.
You resist negative energy. (rN+)
You are resistant to electric shocks. (rElec)
You can survive without breathing.
You are immune to petrification.
You are immune to rotting.


Message History

* * * LOW HITPOINT WARNING * * *
The deep elf mage hits you but does no damage.
You block the hungry ghost's attack.
Unknown command.
You barely miss the deep elf mage.
The deep elf mage is severely wounded.
You are covered in liquid flames!
* * * LOW HITPOINT WARNING * * *
The fire elemental hits you. The fire elemental burns you!
* * * LOW HITPOINT WARNING * * *
The deep elf mage hits you but does no damage.
You feel better.
You are covered in liquid flames!
* * * LOW HITPOINT WARNING * * *
You block the fire elemental's attack. The hungry ghost hits you.
You are feeling very hungry.
You block the deep elf mage's attack. The eye of draining gazes at you.
The fire elemental hits you. The fire elemental burns you!
You die...

########################
........................
........................
###############.########
#.# #.# #)# #)########
###### #W@EE..... ......
...[.....eG....( ......
................ ......
.........####### ......
.........# ......
..?......# ......
.........# ......
.........# ......


You could see a deep elf mage, an eye of draining, a hungry ghost and 2 fire
elementals.

Vanquished Creatures
  2 centaur warriors (D:13)
  2 dancing weapons (D:13)
  3 two-headed ogres
  A queen ant (D:8)
  A tengu warrior (D:13)
  An unseen horror (D:13)
  Pikel (D:5)
  A deep elf mage (D:12)
  An ugly thing (D:12)
  A cyclops (D:12)
  2 manticores (D:13)
  A centaur zombie (D:13)
  Joseph (D:7)
  A gargoyle (D:11)
  2 komodo dragons
  A kobold demonologist (D:12)
  An efreet (D:13)
  5 trolls
  A meliai zombie (D:13)
  2 hornets
  2 hippogriffs
  12 yaks
  A wyvern (D:12)
  Eustachio (D:5)
  2 hungry ghosts
  5 soldier ants (D:8)
  A water moccasin (D:8)
  Duvessa (D:7)
  6 orc warriors
  A sky beast (D:11)
  4 phantoms
  2 ice beasts
  7 ogres
  A necrophage (D:12)
  2 eyes of draining
  9 centaurs
  2 crocodiles
  5 big kobolds
  11 bullfrogs
  A gnoll sergeant (D:9)
  Dowan (D:7)
  5 scorpions
  A wyvern skeleton (D:8)
  10 killer bees
  10 wights
  A howler monkey (D:10)
  3 crimson imps
  2 bullfrog zombies
  A centaur skeleton (D:6)
  7 jellies
  2 hounds
  8 orc wizards
  4 bullfrog skeletons
  6 orc priests
  4 iguanas
  Ijyb (D:5)
  17 worker ants
  A hound zombie (D:11)
  A hound skeleton (D:6)
  9 gnolls
  11 adders
  A shadow imp (D:5)
  6 oozes
  An adder skeleton (D:8)
  2 worms
  A dart slug (D:1)
  8 leopard geckos
  43 orcs
  10 bats
  7 giant cockroaches
  10 goblins
  4 hobgoblins
  26 jackals
  27 kobolds
  2 quokkas
  2 ball pythons
  7 frilled lizards
  A quokka skeleton (D:6)
  5 rats
375 creatures vanquished.

Vanquished Creatures (others)
  A crimson imp (D:5)
1 creature vanquished.

Grand Total: 376 creatures vanquished

Notes
Turn   | Place    | Note
-------+----------+-------------------------------------------
     0 | D:1      | Hasart the Gargoyle Fighter began the quest for the Orb.
     0 | D:1      | Reached XP level 1. HP: 14/14 MP: 1/1
    25 | D:1      | Reached XP level 2. HP: 17/19 MP: 2/2
   531 | D:1      | Reached XP level 3. HP: 23/23 MP: 3/3
  1136 | D:2      | Found an iron altar of Okawaru.
  1149 | D:2      | Reached XP level 4. HP: 17/29 MP: 4/4
  1297 | D:2      | Became a worshipper of Warmaster Okawaru
  2399 | D:4      | Reached skill level 1 in Long Blades
  2399 | D:4      | Reached skill level 1 in Invocations
  2399 | D:4      | Reached XP level 5. HP: 33/33 MP: 5/5
  2458 | D:4      | Noticed a phantom
  2497 | D:4      | Killed a phantom
  2497 | D:4      | Reached * piety under Okawaru
  2497 | D:4      | Reached skill level 2 in Long Blades
  2497 | D:4      | Reached XP level 6. HP: 37/39 MP: 5/7
  2669 | D:4      | Reached XP level 7. HP: 44/44 MP: 8/8
  2962 | D:4      | Reached skill level 3 in Long Blades
  3168 | D:5      | Entered Level 5 of the Dungeon
  3184 | D:5      | Noticed Ijyb
  3190 | D:5      | Killed Ijyb
  3216 | D:5      | Reached ** piety under Okawaru
  3224 | D:5      | Reached skill level 5 in Fighting
  3280 | D:5      | Reached skill level 5 in Shields
  3312 | D:5      | Noticed Blork the orc
  3320 | D:5      | Found a deep blue altar of Sif Muna.
  3433 | D:5      | Reached skill level 5 in Armour
  3512 | D:5      | Noticed Pikel
  3542 | D:5      | Killed Pikel
  3542 | D:5      | Reached *** piety under Okawaru
  3542 | D:5      | Reached skill level 4 in Long Blades
  3542 | D:5      | Reached XP level 8. HP: 42/51 MP: 10/10
  3661 | D:5      | Found a bloodstained altar of Trog.
  3701 | D:5      | Reached **** piety under Okawaru
  4266 | D:5      | Noticed Eustachio
  4321 | D:5      | Killed Eustachio
  4321 | D:5      | Reached skill level 5 in Long Blades
  4382 | D:5      | Found an ornate altar of the Wu Jian Council.
  4459 | D:6      | Found a glowing drain.
  4473 | Sewer    | Entered a sewer
  4808 | D:6      | Reached XP level 9. HP: 36/55 MP: 12/12
  4814 | D:6      | Reached skill level 1 in Dodging
  5398 | D:7      | Noticed Duvessa
  5398 | D:7      | Noticed Dowan
  5413 | D:7      | Killed Duvessa
  5430 | D:7      | Reached skill level 6 in Long Blades
  5439 | D:7      | Killed Dowan
  5461 | D:7      | Found a staircase to the Ecumenical Temple.
  5467 | D:7      | Got a bloodstained whip
  5477 | D:7      | Identified the cursed +0 whip of the Well-Known Tables
                  | {flame, rElec rN+ MP+9 Int-2} (You found it on level 7 of
                  | the Dungeon)
  5644 | D:7      | Noticed Joseph
  5657 | D:7      | Reached skill level 5 in Invocations
  5667 | D:7      | Killed Joseph
  5667 | D:7      | Reached ***** piety under Okawaru
  5667 | D:7      | Received a gift from Okawaru
  5936 | D:7      | Reached XP level 10. HP: 61/61 MP: 14/14
  5940 | D:7      | Found a shimmering altar of Xom.
  5955 | D:7      | Found a hazy altar of Hepliaklqana.
  6015 | D:7      | Found a blossoming altar of Fedhas.
  6029 | D:7      | Found a shattered altar of Ashenzari.
  6191 | D:7      | Found a sparkling altar of Nemelex Xobeh.
  6191 | D:7      | Found a transporter.
  6229 | D:8      | Found a staircase to the Lair.
  6252 | D:8      | Found a white marble altar of Elyvilon.
  6255 | D:8      | Found a glowing silver altar of Zin.
  6255 | D:8      | Found an ancient bone altar of Kikubaaqudgha.
  6319 | D:8      | Reached skill level 7 in Long Blades
  6555 | D:8      | Noticed Maurice
  6732 | D:8      | Noticed a queen ant
  6760 | D:8      | Killed a queen ant
  7417 | D:9      | Reached ****** piety under Okawaru
  7439 | D:9      | Reached skill level 8 in Long Blades
  7439 | D:9      | Reached XP level 11. HP: 62/68 MP: 15/15
  7512 | D:9      | Received a gift from Okawaru
  7733 | D:9      | Found a roughly hewn altar of Beogh.
  7733 | D:9      | Found a staircase to the Orcish Mines.
  7957 | D:9      | Noticed a two-headed ogre
  8019 | D:8      | Killed a two-headed ogre
  8324 | D:10     | Entered Level 10 of the Dungeon
  9645 | D:11     | Reached skill level 9 in Long Blades
 10056 | D:12     | Noticed a cyclops
 10065 | D:12     | Killed a cyclops
 10067 | D:12     | Noticed a deep elf mage
 10180 | D:12     | Killed a deep elf mage
 10290 | D:12     | Noticed a two-headed ogre
 10305 | D:12     | Killed a two-headed ogre
 10305 | D:12     | Reached XP level 12. HP: 34/76 MP: 17/17
 10307 | D:12     | Reached skill level 5 in Dodging
 10610 | D:12     | Received a gift from Okawaru
 10632 | D:12     | Found Fudezioj's Assorted Antiques.
 10645 | D:12     | Bought a pair of runed gloves for 195 gold pieces
 11138 | D:12     | Got a crude large shield {god gift}
 11149 | D:12     | Identified the +0 large shield of Valiance {-Tele rN+
                  | Int+5} (Okawaru gifted it to you on level 12 of the
                  | Dungeon)
 11199 | D:13     | Noticed a centaur warrior
 11200 | D:13     | Noticed a two-headed ogre
 11211 | D:13     | Killed a two-headed ogre
 11220 | D:13     | Killed a centaur warrior
 11220 | D:13     | Reached skill level 1 in Evocations
 11320 | D:13     | Reached skill level 10 in Long Blades
 11528 | D:13     | Found a gate to the Vaults.
 11684 | D:13     | Noticed a centaur warrior
 11697 | D:13     | Killed a centaur warrior
 11858 | D:13     | Noticed a tengu warrior
 11873 | D:13     | HP: 3/77 [tengu warrior/+0 halberd (8)]
 11882 | D:13     | Killed a tengu warrior
 11882 | D:13     | Reached XP level 13. HP: 20/82 MP: 1/19
 11887 | D:13     | HP: 3/82 [fire elemental[a deep elf mage] (7)]
 11888 | D:13     | Slain by a fire elemental

Levels and vault maps discovered:
D:1:      dpeg_arrival_arbitrary_b, layout_basic
D:2:      layout_basic, okawaru_altar_gauntlet_db, first_ration
D:3:      layout_loops_ring
D:4:      layout_cave_pods
D:5:      layout_loops_corners, lemuel_coloured_pillars_altar, bloody_trog,
          tgw_sif, uniq_ijyb, uniq_eustachio, uniq_pikel
D:6:      layout_rooms, portal_sewer_entry_f,
          eino_small_chamber_without_monster, kennysheep_generic_room_13
D:7:      layout_basic, grunt_temple_overflow_cloverleaf,
          minmay_temple_entry_overgrown, minmay_door_square, nrook_mini_vaults,
          serial_bayou_pond_b, grunt_nemelex_the_gamble, uniq_duvessa,
          uniq_joseph
D:8:      layout_cave_pools, grunt_temple_overflow_open, dpeg_oklobed_lair,
          hangedman_little_slice_of_home, minmay_misc_feat_pillars,
          minmay_another_anthill, uniq_maurice
D:9:      layout_cave_pools, david_orc_5
D:10:     layout_small_grid, serial_park_tiny_1, fungi_pond_lemuel,
          columned_hall_lemuel
D:11:     layout_stronghold
D:12:     layout_irregular_city, serial_shops, shop_coins
D:13:     layout_long_grid, erik_vaults_1, kennysheep_big_empty_room
Sewer:    sewer_fruit_machine

Skill      XL: |  1  2  3  4  5  6  7  8  9 10 11 12 |
---------------+-------------------------------------+-----
Maces & Flails | 3 |  3.2
Fighting       | 4 5 6 7 9 |  9.8
Long Blades    | 1 2 4 5 6 8 9 10 | 10.4
Shields        | 4 5 6 7 8 9 |  9.6
Invocations    | 1 2 3 4 5 6 7 8 |  8.7
Armour         | 4 5 6 7 8 9 |  9.6
Dodging        | 2 3 4 5 |  5.8
Evocations     | 2 |  2.4

Action                   |  1- 3 |  4- 6 |  7- 9 | 10-12 | 13-15 || total
-------------------------+-------+-------+-------+-------+-------++-------
Melee: Flail             |   108 |    39 |       |       |       ||   147
       Long sword        |       |    94 |   407 |   935 |     3 ||  1439
       Unarmed           |       |       |       |     2 |       ||     2
Invok: Heroism           |       |       |       |     1 |       ||     1
  Use: Scroll            |       |       |     7 |     8 |       ||    15
       Potion            |       |       |       |     2 |     1 ||     3
  Eat: Chunk             |     1 |     5 |    12 |    19 |       ||    37
       Ration            |       |       |       |     1 |       ||     1
Armor: Scale mail        |    62 |    26 |       |       |       ||    88
       Plate armour      |       |    70 |    82 |       |       ||   152
       Troll leather arm |       |       |   121 |   411 |     5 ||   537
Dodge: Dodged            |    41 |    26 |   118 |   457 |     2 ||   644
Block: Shield            |    72 |    78 |   197 |   628 |     4 ||   979
       Rpst.: Long sword |       |     7 |    42 |   126 |     1 ||   176

Table legend:
 A = Non-vault XP
 B = Vault XP
 C = Vault XP percentage of total XP
 D = Non-vault monster count
 E = Vault monster count
 F = Vault count percentage of total count
                 A         B        C        D         E       F
            +---------+---------+-------+---------+---------+-------
      Total |   25953 |    6331 |  19.6 |     290 |      86 |  22.9
            +---------+---------+-------+---------+---------+-------
        D:1 |      50 |       0 |   0.0 |      28 |       0 |   0.0
        D:2 |      14 |      39 |  73.6 |       6 |       6 |  50.0
        D:3 |      24 |       0 |   0.0 |       7 |       0 |   0.0
        D:4 |     647 |       0 |   0.0 |      21 |       0 |   0.0
        D:5 |     611 |     868 |  58.7 |      23 |       3 |  11.5
        D:6 |     756 |      57 |   7.0 |      14 |       6 |  30.0
        D:7 |    1479 |     797 |  35.0 |      27 |       5 |  15.6
        D:8 |    2133 |    2208 |  50.9 |      32 |      29 |  47.5
        D:9 |    2951 |     528 |  15.2 |      29 |      19 |  39.6
       D:10 |    1315 |       0 |   0.0 |      32 |       0 |   0.0
       D:11 |    1777 |       0 |   0.0 |      17 |       0 |   0.0
       D:12 |    6498 |       0 |   0.0 |      30 |       0 |   0.0
       D:13 |    7698 |    1808 |  19.0 |      24 |       2 |   7.7
      Sewer |       0 |      26 | 100.0 |       0 |      16 | 100.0
            +---------+---------+-------+---------+---------+-------
